Unix NetHack Version 5.0.0-0 post-release - last build May  4 2026 22:22:43 (774f63e81ad911689b3a0859ea89b322d5daca8d,branch:main).

Game began 2026-05-04 06:50:12, ended 2026-05-07 07:57:11.

2461479678, lawful female dwarven Valkyrie

                                                                        ....
                                                                        ....
                                                                        .)..
                                                                   |......<..
                                                                   |......B@-
                                                                   --.|.....|
                                                                       -..-
                                                                       ----
2461479678 the Stripling    St:16 Dx:20 Co:15 In:8 Wi:8 Ch:8  Lawful
Dlvl:4  $:25 HP:0(21) Pw:3(3) AC:6  Xp:2 T:1581 

Latest messages:
 The little dog misses the gnome lord.
 You swap places with the peaceful gnome lord.
 The little dog bites the gnome lord.
 The gnome lord thrusts one of his daggers at the little dog.
 The gnome lord misses the little dog.
 What do you want to eat? [di or ?*] <enter>
 Never mind.
 What do you want to eat? [di or ?*] e
 You cannot eat that!
 What do you want to eat? [di or ?*] e
 You cannot eat that!
 What do you want to eat? [di or ?*] d
 Ugh.  Rotten egg.
 The little dog bites the gnome lord.
 The little dog bites the gnome lord.
 The gnome lord thrusts one of his daggers at the little dog.
 The gnome lord misses the little dog.
 The little dog misses the gnome lord.
 The little dog bites the gnome lord.
 The gnome lord thrusts one of his daggers at the little dog.
 The gnome lord misses the little dog.
 The little dog bites the gnome lord.
 The gnome lord is killed!
 You descend the stairs.
 You are feeling mildly nauseated.
 You feel slightly confused.
 You can't seem to think straight.
 In what direction? <enter>
 You feel incredibly sick.
 You feel a bit steadier now.
 You are about to vomit.
 You see here 2 crossbow bolts.
 n - 2 crossbow bolts.
 You vomit!
 You feel less confused now.
 You can move again.
 The giant bat bites!
 The giant bat bites!
 The giant bat bites!
 The giant bat bites!
 The giant bat bites!
 You hit the giant bat!
 The giant bat bites!
 The giant bat bites!
 You die...
 Do you want your possessions identified? [ynq] (y) y
 Do you want to see your attributes? [ynq] (y) y
 Do you want an account of creatures vanquished? [ynaq] (y) y
 Do you want to see your conduct and achievements? [ynq] (y) y
 Do you want to see the dungeon overview? [ynq] (y) y

Inventory:
 Coins    ('$')
  $ - 25 gold pieces
 Weapons  (')')
  n - 2 +0 crossbow bolts
  e - 4 +0 darts
  b - a +0 dagger (alternate weapon; not wielded)
  a - a +1 dwarvish spear (weapon in right hand)
  g - a +0 broadsword
 Armor    ('[')
  c - a blessed +3 small shield (being worn)
 Comestibles  ('%')
  i - an uncursed food ration
 Potions  ('!')
  j - an uncursed potion of monster detection
 Tools    ('(')
  h - an uncursed locked large box containing 3 items
  k - an uncursed tin whistle
 Gems/Stones  ('*')
  f - an uncursed worthless piece of orange glass
  m - 2 uncursed worthless pieces of yellow glass
  l - 8 uncursed rocks

Contents of the large box:
  68 gold pieces
  an uncursed slime mold
  an uncursed potion of sleeping

2461479678 the Valkyrie's attributes:

Background:
 You were a Stripling, a level 2 dwarven Valkyrie.
 You were lawful, nominally on a mission for Tyr
 who was opposed by Odin (neutral) and Loki (chaotic).
 You were right-handed.
 You were in the Gnomish Mines, on level 4.
 You entered the dungeon 1581 turns ago.
 You had 29 experience points, 11 more were needed to attain level 3.

Basics:
 You had 0 out of 21 hit points.
 You had all 3 energy points (spell power).
 Your armor class was 6.
 Your wallet contained 25 zorkmids, and
 you had 68 more stashed away in your pack.
 Autopickup was off.

Final Characteristics:
 Your strength was 16 (peak:17, limit:18/100).
 Your dexterity was 20 (limit:20).
 Your constitution was 15 (limit:20).
 Your intelligence was 8 (limit:16).
 Your wisdom was 8 (limit:16).
 Your charisma was 8 (limit:16).

Final Status:
 You weren't hungry.
 You were unencumbered.
 You were wielding a spear.
 You had basic skill with spear.

Final Attributes:
 You were devoutly aligned.
 You were cold resistant.
 You had infravision.
 You are dead.

Miscellaneous:
 You encountered 1 bones level.
 Total elapsed playing time was 3 hours, 11 minutes and 26 seconds.

Major events:
 Turn
    1: 2461479678 the lawful dwarven Valkyrie entered the dungeon
 1403: entered the Gnomish Mines
 1581: killed by a giant bat

You didn't know any spells.

Skills:
 Fighting Skills
   bare handed combat [Unskilled]
   two weapon combat  [Unskilled]
   riding             [Unskilled]
 Weapon Skills
   dagger             [Basic]
   axe                [Unskilled]
   pick-axe           [Unskilled]
   short sword        [Unskilled]
   broadsword         [Unskilled]
   long sword         [Unskilled]
   two-handed sword   [Unskilled]
   saber              [Unskilled]
   hammer             [Unskilled]
   quarterstaff       [Unskilled]
   polearms           [Unskilled]
   spear              [Basic]
   trident            [Unskilled]
   lance              [Unskilled]
   sling              [Unskilled]
 Spellcasting Skills
   attack spells      [Unskilled]
   escape spells      [Unskilled]

Voluntary challenges:
 Character rerolling was not enabled.
 You were vegetarian.
 You were an atheist.
 You were illiterate.
 You never genocided any monsters.
 You never polymorphed an object.
 You never changed form.
 You used no wishes.
Achievement:
 You entered the Gnomish Mines.

 The Dungeons of Doom: levels 1 to 2
    Level 1:
       A fountain.
    Level 2:
       Stairs down to The Gnomish Mines.
 The Gnomish Mines: levels 3 to 4
    Level 3:
    Level 4: <- You were here.
       Final resting place for
          you, killed by a giant bat,
          levoittiel-Bar-Orc-Fem-Cha, killed by a gecko, while dragging an iron ball.


Vanquished creatures:
  a gnome leader
  a gnome
  a gecko
  2 jackals
  a fox
  a kobold
  2 goblins
  a sewer rat
  4 grid bugs
  a lichen
  a kobold zombie
  7 newts
23 creatures vanquished.

No species were genocided or became extinct.

Game over:
                       ----------
                      /          \
                     /    REST    \
                    /      IN      \
                   /     PEACE      \
                  /                  \
                  |    2461479678    |
                  |      93 Au       |
                  |   killed by a    |
                  |    giant bat     |
                  |                  |
                  |                  |
                  |       2026       |
                 *|     *  *  *      | *
        _________)/\\_//(\/(/\)/\//\/|_)_______

Farvel 2461479678 the Valkyrie...

You died in The Gnomish Mines on dungeon level 4 with 350 points,
and 93 pieces of gold, after 1581 moves.
You were level 2 with a maximum of 21 hit points when you died.

